 Dungeon Sprint DCSS version 0.21-a0-417-g0adc95b (webtiles) character file.

422 Kidiri the Ruffian (level 6, -4/60 HPs)
             Began as a Draconian Transmuter on Nov 3, 2017.
             Was an Initiate of Wu Jian.
             Slain by Sonja
             ... wielding a +2 dagger of distortion
              (8 damage)
             ... in the Dungeon (Sprint I: "Red Sonja").
             The game lasted 00:02:20 (777 turns).

Kidiri the Ruffian (Draconian Transmuter)            Turns: 777, Time: 00:02:21

Health: -4/60      AC:  2    Str: 13    XL:     6   Next: 63%
Magic:  11/12      EV: 22    Int: 14    God:    Wu Jian [......]
Gold:   322        SH:  0    Dex: 17    Spells: 4/14 levels left

rFire    . . .     SeeInvis .     - Unarmed
rCold    . . .     Gourm    .   (shield currently unavailable)
rNeg     . . .     Faith    .   (armour unavailable)
rPois    x         Spirit   .   (helmet currently unavailable)
rElec    .         Reflect  .   (cloak currently unavailable)
rCorr    .         Harm     .   (gloves currently unavailable)
MR       .....     NoTele   +   (boots currently unavailable)
Stlth    +++.......             (no amulet)
HPRegen  0.20/turn              (no ring)
MPRegen  0.13/turn              (no ring)

@: spider-form (expiring)
A: unfitting armour, AC +6
a: End Transformation, Renounce Religion


You were in the Dungeon.
You worshipped Wu Jian.
Wu Jian was noncommittal.
You were not hungry.
You were a venomous arachnid creature.
You visited 1 branch You collected 322 gold pieces.

Inventory:

Hand Weapons
 k - a +0 giant spiked club
 m - a +0 scythe
Missiles
 a - 10 arrows
Armour
 j - a +0 leather armour
 n - a +0 robe
Wands
 h - a wand of polymorph (6/24)
Scrolls
 i - a scroll of blinking
Potions
 f - a potion of haste
 g - 2 potions of magic
Books
 b - a book of Changes

   Spells                             Type                      Level
   a - Beastly Appendage              Transmutation                1
   b - Sticks to Snakes               Transmutation                2
   c - Spider Form                    Transmutation/Poison         3
   d - Ice Form                       Ice/Transmutation            4
   e - Blade Hands                    Transmutation                5
Comestibles
 c - a bread ration


   Skills:
 * Level 7.1 Fighting
 + Level 4.4 Dodging
 + Level 4.3 Stealth
 * Level 7.1 Unarmed Combat
 + Level 4.5 Spellcasting
 * Level 6.7 Transmutations
 + Level 2.0 Ice Magic
 + Level 3.3 Poison Magic


You had 4 spell levels left.
You knew the following spells:

 Your Spells              Type           Power        Failure   Level  Hunger
a - Beastly Appendage     Tmut           ###...       5%          1    None
b - Sticks to Snakes      Tmut           ###.....     8%          2    ##.....
c - Spider Form           Tmut/Pois      ###.......   19%         3    ###....
d - Ice Form              Ice/Tmut       ###.....     52%         4    ####...


Dungeon Overview and Level Annotations

Branches:
Dungeon (1/1)

Altars:
Cheibriados
Dithmenos
Elyvilon
Fedhas
Gozag
Hepliaklqana
Kikubaaqudgha
Nemelex Xobeh
Okawaru
Qazlal
Ru
Sif Muna
Trog
Uskayaw
Vehumet
Wu Jian
Yredelemnul
Zin
The Shining One

Shops:
D %

Annotations:
D Sonja


Innate Abilities, Weirdness & Mutations

((Your plain brown scales are hard. (AC +6)))
You cannot fit into any form of body armour.
((You are cold-blooded and may be slowed by cold attacks.))


Message History

* * * LOW HITPOINT WARNING * * *
Sonja closely misses you.
Sonja hits you with an uncursed dagger of distortion.
* * * LOW HITPOINT WARNING * * *
Space warps horribly around you!
* * * LOW HITPOINT WARNING * * *
You feel better. Sonja completely misses you.
Sonja hits you with an uncursed dagger of distortion.
* * * LOW HITPOINT WARNING * * *
Sonja hits you with an uncursed dagger of distortion.
* * * LOW HITPOINT WARNING * * *
Unknown command.
You completely miss Sonja.
Sonja is heavily wounded.
Your transformation is almost over.
Sonja barely misses you.
Sonja hits you with an uncursed dagger of distortion.
* * * LOW HITPOINT WARNING * * *
Space warps horribly around you!
You die...

#..'..#..'..#..+
#..#####+#####+#
#..####..#...#.#
#..#__####..##(#
#..#_____##+#_.+
#⌠⌠#_.∩...+.(._#
####_..__##_.#+#
#_____###+#.#
####### #s###


+$K$+ #$.$# ##.## #+# You could see Sonja.

Vanquished Creatures
  Sigmund (D)
  A yak (D)
  An ogre (D)
  A jelly (D)
  Ijyb (D)
5 creatures vanquished.

Notes
Turn   | Place    | Note
-------+----------+-------------------------------------------
     0 | D        | Kidiri the Draconian Transmuter began the quest for the Orb.
     0 | D        | Reached XP level 1. HP: 16/16 MP: 3/3
     3 | D        | Noticed Ijyb
    11 | D        | Killed Ijyb
    11 | D        | Reached skill level 1 in Stealth
    11 | D        | Reached XP level 2. HP: 26/26 MP: 2/5
    52 | D        | Learned a level 2 spell: Sticks to Snakes
    55 | D        | Noticed an ogre
    68 | D        | Killed an ogre
    68 | D        | Reached XP level 3. HP: 4/34 MP: 1/7
    68 | D        | Reached XP level 4. HP: 5/41 MP: 1/8
    94 | D        | Learned a level 3 spell: Spider Form
   342 | D        | Noticed Sigmund
   388 | D        | Killed Sigmund
   388 | D        | Reached skill level 5 in Transmutations
   388 | D        | Reached XP level 5. HP: 18/50 MP: 5/11
   410 | D        | Learned a level 4 spell: Ice Form
   590 | D        | Found an ornate altar of the Wu Jian Council.
   590 | D        | Found a deep blue altar of Sif Muna.
   592 | D        | Found a radiant altar of Vehumet.
   595 | D        | Became a worshipper of the Wu Jian Council
   598 | D        | Reached XP level 6. HP: 50/57 MP: 9/12
   726 | D        | Found Dyubiqee's Food Emporium.
   726 | D        | Found an ancient bone altar of Kikubaaqudgha.
   726 | D        | Found a hazy altar of Hepliaklqana.
   726 | D        | Found a stormy altar of Qazlal.
   726 | D        | Found a hide-covered altar of Uskayaw.
   726 | D        | Found a blossoming altar of Fedhas.
   726 | D        | Found a bloodstained altar of Trog.
   726 | D        | Found an iron altar of Okawaru.
   726 | D        | Found a basalt altar of Yredelemnul.
   726 | D        | Found a glowing golden altar of the Shining One.
   726 | D        | Found a snail-covered altar of Cheibriados.
   726 | D        | Found a sacrificial altar of Ru.
   726 | D        | Found a glowing silver altar of Zin.
   726 | D        | Found a shadowy altar of Dithmenos.
   726 | D        | Found a white marble altar of Elyvilon.
   726 | D        | Noticed a yak
   727 | D        | Found an opulent altar of Gozag.
   732 | D        | Killed a yak
   733 | D        | Found a sparkling altar of Nemelex Xobeh.
   763 | D        | Noticed Sonja
   777 | D        | Slain by Sonja

Vault maps used:
D:        dungeon_sprint_1

Skill      XL: |  1  2  3  4  5  6 |
---------------+-------------------+-----
Fighting       | 3 4 6 7 |  7.1
Dodging        | 2 3 4 |  4.4
Stealth        | 1 2 3 4 |  4.3
Unarmed Combat | 4 6 7 |  7.1
Transmutations | 3 4 5 6 |  6.7
Spellcasting   | 3 4 |  4.5
Poison Magic   | 2 3 |  3.3
Ice Magic      | 2 |  2.0

Action                   |  1- 3 |  4- 6 || total
-------------------------+-------+-------++-------
Melee: Unarmed           |    11 |    58 ||    69
       Headbutt          |     1 |       ||     1
       Tailslap          |     2 |       ||     2
       Kick              |     1 |       ||     1
 Cast: Beastly Appendage |     2 |       ||     2
       Sticks to Snakes  |     2 |       ||     2
       Spider Form       |       |     5 ||     5
  Use: Potion            |     1 |     2 ||     3
 Stab: Sleeping          |       |     1 ||     1
Armor: Skin              |     2 |     2 ||     4
Dodge: Dodged            |     1 |    43 ||    44

Table legend:
 A = Spawn XP
 B = Non-spawn XP
 C = Spawn XP percentage of total XP
 D = Spawn monster count
 E = Non-spawn monster count
 F = Spawn count percentage of total count
 G = Total turns spent on level
                    A         B        C        D         E        F      G
               +---------+---------+-------+---------+---------+-------+---------
         Total |       0 |     603 |   0.0 |       0 |       5 |   0.0 |   777
               +---------+---------+-------+---------+---------+-------+---------
             D |       0 |     603 |   0.0 |       0 |       5 |   0.0 |   777
               +---------+---------+-------+---------+---------+-------+---------
